| TOP OF THE 1ST |
|
Fargo Brewmasters batting - Pitching for Williston Water Wolves : LHP Neil Bryant
|
|
Pitching: LHP Neil Bryant
|
|
|
Batting: SHB Angel Escobar
|
0-0: Foul Ball, location: 2F 0-1: Swinging Strike 0-2: Ball 1-2: Strikes out swinging
|
|
Batting: LHB Victor Fernandez
|
0-0: Ball 1-0: Ball 2-0: Ball 3-0: Base on Balls
|
|
Batting: RHB Forace Oxendine
|
0-0: Ball Victor Fernandez steals 2nd base 1-0: Fly out, F8 (Flyball, 8RXD, EV 100.0 MPH) Runner from 2nd tags up, SAFE at 3rd, no throw by CF
|
|
Batting: RHB Dick E Scott
|
0-0: Ball 1-0: Ball 2-0: Called Strike 2-1: Ball 3-1: Fly out, F8 (Flyball, 8RM, EV 95.0 MPH)
|
| Top of the 1st over - 0 runs, 0 hits, 0 errors, 1 left on base; Fargo 0 - Williston 0 |
| BOTTOM OF THE 1ST |
|
Williston Water Wolves batting - Pitching for Fargo Brewmasters : RHP Carlos Zuniga
|
|
Pitching: RHP Carlos Zuniga
|
|
|
Batting: RHB Jim Reboulet
|
0-0: Swinging Strike 0-1: Fly out, F8 (Flyball, 8RM, EV 75.6 MPH)
|
|
Batting: LHB John Mitchell
|
0-0: Ball 1-0: SINGLE (Groundball, 34D, EV 95.0 MPH)
|
|
Batting: RHB Pat Jelks
|
0-0: Ball 1-0: Ball 2-0: Called Strike John Mitchell steals 2nd base 2-1: Called Strike 2-2: Strikes out swinging
|
|
Batting: RHB Tom Pagnozzi
|
0-0: Called Strike 0-1: Foul Ball, location: 2F 0-2: Foul Ball, location: 2F 0-2: Ball 1-2: Foul Ball, location: 2F 1-2: Reached on error, E5 (Groundball, 56, EV 110.0 MPH) John Mitchell to third
|
|
Batting: RHB Pat Borders
|
0-0: Fly out, F8 (Flyball, 8LXD, EV 98.8 MPH)
|
| Bottom of the 1st over - 0 runs, 1 hit, 1 error, 2 left on base; Fargo 0 - Williston 0 |
| TOP OF THE 2ND |
|
Fargo Brewmasters batting - Pitching for Williston Water Wolves : LHP Neil Bryant
|
|
Batting: RHB Gus Polidor
|
0-0: Called Strike 0-1: Ball 1-1: Ball 2-1: Called Strike 2-2: Fly out, F9 (Flyball, 9, EV 86.3 MPH)
|
|
Batting: RHB Juan Picart
|
0-0: Ball 1-0: Foul Ball, location: 2F 1-1: SINGLE (Groundball, 56D, EV 107.5 MPH)
|
|
Batting: SHB Elton Hooker
|
0-0: Ball 1-0: Ball 2-0: Ball 3-0: Base on Balls Juan Picart to second
|
|
Batting: RHB Adolph Crump
|
0-0: Ball Juan Picart is caught stealing 3rd base 2-5 1-0: Ball Elton Hooker is caught stealing 2nd base 2-4
|
| Top of the 2nd over - 0 runs, 1 hit, 0 errors, 0 left on base; Fargo 0 - Williston 0 |
| BOTTOM OF THE 2ND |
|
Williston Water Wolves batting - Pitching for Fargo Brewmasters : RHP Carlos Zuniga
|
|
Batting: SHB Devon White
|
0-0: Called Strike 0-1: SINGLE (Groundball, 34D, EV 96.9 MPH)
|
|
Batting: RHB Jim Vest
|
0-0: Ground out 4-3 (Groundball, 13, EV 82.5 MPH) Devon White to second
|
|
Batting: RHB Jeff Hamilton
|
0-0: Called Strike Devon White steals 3rd, throwing error, E2 Devon White scores 0-1: Ball 1-1: DOUBLE (Line Drive, 9LS, EV 93.8 MPH)
|
|
Batting: RHB Jose Lind
|
0-0: Swinging Strike 0-1: Ground out 5-3 (Groundball, 56, EV 93.8 MPH)
|
|
Batting: RHB Jim Reboulet
|
0-0: Ball 1-0: Fly out, F9 (Line Drive, 9, EV 85.0 MPH)
|
| Bottom of the 2nd over - 1 run, 2 hits, 1 error, 1 left on base; Fargo 0 - Williston 1 |
| TOP OF THE 3RD |
|
Fargo Brewmasters batting - Pitching for Williston Water Wolves : LHP Neil Bryant
|
|
Batting: RHB Adolph Crump
|
0-0: Ball 1-0: Ball 2-0: Ball 3-0: Called Strike 3-1: Called Strike 3-2: Strikes out looking
|
|
Batting: RHB Randall Thorpe
|
0-0: Called Strike 0-1: Ball 1-1: Ground out 2-3 (Groundball, 15S, EV 74.4 MPH)
|
|
Batting: SHB Angel Escobar
|
0-0: Called Strike 0-1: Ball 1-1: Ball 2-1: Ground out 5-3 (Groundball, 5S, EV 91.3 MPH)
|
| Top of the 3rd over - 0 runs, 0 hits, 0 errors, 0 left on base; Fargo 0 - Williston 1 |
| BOTTOM OF THE 3RD |
|
Williston Water Wolves batting - Pitching for Fargo Brewmasters : RHP Carlos Zuniga
|
|
Batting: LHB John Mitchell
|
0-0: Ball 1-0: Foul Ball, location: 2F 1-1: Ball 2-1: Ball 3-1: Foul Ball, location: 2F 3-2: Foul Ball, location: 2F 3-2: Foul Ball, location: 2F 3-2: Foul Ball, location: 2F 3-2: Foul Ball, location: 2F 3-2: Base on Balls
|
|
Batting: RHB Pat Jelks
|
0-0: Ball 1-0: Ball 2-0: Ball 3-0: Called Strike 3-1: Fly out, F8 (Flyball, 8LD, EV 104.4 MPH)
|
|
Batting: RHB Tom Pagnozzi
|
0-0: Ball 1-0: Called Strike John Mitchell steals 2nd base 1-1: Called Strike 1-2: Ball 2-2: Foul Ball, location: 2F 2-2: Ground out 5-3 (Groundball, 5L, EV 101.3 MPH)
|
|
Batting: RHB Pat Borders
|
0-0: Fly out, F8 (Flyball, 8RS, EV 90.6 MPH)
|
| Bottom of the 3rd over - 0 runs, 0 hits, 0 errors, 1 left on base; Fargo 0 - Williston 1 |
| TOP OF THE 4TH |
|
Fargo Brewmasters batting - Pitching for Williston Water Wolves : LHP Neil Bryant
|
|
Batting: LHB Victor Fernandez
|
0-0: Fly out, F7 (Line Drive, 7, EV 100.6 MPH)
|
|
Batting: RHB Forace Oxendine
|
0-0: SINGLE (Groundball, 4D, EV 101.9 MPH)
|
|
Batting: RHB Dick E Scott
|
0-0: Ball 1-0: Fly out, F9 (Flyball, 9LM, EV 100.6 MPH)
|
|
Batting: RHB Gus Polidor
|
0-0: SINGLE (Groundball, 56D, EV 97.5 MPH) Forace Oxendine to second
|
|
Batting: RHB Juan Picart
|
0-0: Foul Ball, location: 2F 0-1: Ball 1-1: Foul Ball, location: 2F 1-2: Foul Ball, location: 2F 1-2: Ground out 4-3 (Groundball, 4, EV 77.5 MPH)
|
| Top of the 4th over - 0 runs, 2 hits, 0 errors, 2 left on base; Fargo 0 - Williston 1 |
| BOTTOM OF THE 4TH |
|
Williston Water Wolves batting - Pitching for Fargo Brewmasters : RHP Carlos Zuniga
|
|
Batting: SHB Devon White
|
0-0: Swinging Strike 0-1: DOUBLE (Line Drive, 78XD, EV 103.8 MPH)
|
|
Batting: RHB Jim Vest
|
0-0: Called Strike 0-1: Ball 1-1: Ball 2-1: Fly out, F4 (Flyball, 34D, EV 86.3 MPH)
|
|
Batting: RHB Jeff Hamilton
|
0-0: Swinging Strike 0-1: Ball 1-1: Ball 2-1: Fly out, F9 (Flyball, 89S, EV 93.1 MPH)
|
|
Batting: RHB Jose Lind
|
0-0: Swinging Strike 0-1: Ball 1-1: Swinging Strike 1-2: Ball 2-2: Ball 3-2: Base on Balls
|
|
Batting: RHB Jim Reboulet
|
0-0: Foul Ball, location: 2F 0-1: Ball 1-1: Fly out, F9 (Flyball, 89M, EV 81.9 MPH)
|
| Bottom of the 4th over - 0 runs, 1 hit, 0 errors, 2 left on base; Fargo 0 - Williston 1 |
| TOP OF THE 5TH |
|
Fargo Brewmasters batting - Pitching for Williston Water Wolves : LHP Neil Bryant
|
|
Batting: SHB Elton Hooker
|
0-0: Called Strike 0-1: Foul Ball, location: 2F 0-2: Ground out 5-3 (Groundball, 56S, EV 87.5 MPH)
|
|
Batting: RHB Adolph Crump
|
0-0: Ball 1-0: Ball 2-0: Called Strike 2-1: Fly out, F8 (Flyball, 8RXD, EV 99.4 MPH)
|
|
Batting: RHB Randall Thorpe
|
0-0: Ball 1-0: Called Strike 1-1: Ball 2-1: Foul Ball, location: 2F 2-2: Fly out, F7 (Flyball, 7S, EV 77.5 MPH)
|
| Top of the 5th over - 0 runs, 0 hits, 0 errors, 0 left on base; Fargo 0 - Williston 1 |
| BOTTOM OF THE 5TH |
|
Williston Water Wolves batting - Pitching for Fargo Brewmasters : RHP Carlos Zuniga
|
|
Batting: LHB John Mitchell
|
0-0: Ball 1-0: Ball 2-0: Ball 3-0: Called Strike 3-1: Ground out 3-1 (Groundball, 34, EV 85.0 MPH)
|
|
Batting: RHB Pat Jelks
|
0-0: Ball 1-0: Ball 2-0: Ball 3-0: Base on Balls
|
|
Batting: RHB Tom Pagnozzi
|
0-0: Ball 1-0: Ball 2-0: Ball 3-0: Called Strike 3-1: Grounds into double play, 5-4-3 (Groundball, 5S, EV 84.4 MPH)
|
| Bottom of the 5th over - 0 runs, 0 hits, 0 errors, 0 left on base; Fargo 0 - Williston 1 |
| TOP OF THE 6TH |
|
Fargo Brewmasters batting - Pitching for Williston Water Wolves : LHP Neil Bryant
|
|
Batting: SHB Angel Escobar
|
0-0: Ball 1-0: Ball 2-0: Ball 3-0: Base on Balls
|
|
Batting: LHB Victor Fernandez
|
0-0: Ball 1-0: Bunted foul 1-1: Sac Bunt to 3S - play at first, batter OUT! 3-1 Angel Escobar to second
|
|
Batting: RHB Forace Oxendine
|
0-0: Ball 1-0: SINGLE (Line Drive, 78M, EV 101.9 MPH) Angel Escobar to third Runner from 3rd tries for Home, throw by LF and OUT! 7-2
|
|
Batting: RHB Dick E Scott
|
0-0: Called Strike 0-1: Ball 1-1: Foul Ball, location: 2F 1-2: Foul Ball, location: 2F 1-2: Fly out, F8 (Line Drive, 89M, EV 91.3 MPH)
|
| Top of the 6th over - 0 runs, 1 hit, 0 errors, 1 left on base; Fargo 0 - Williston 1 |
| BOTTOM OF THE 6TH |
|
Williston Water Wolves batting - Pitching for Fargo Brewmasters : RHP Carlos Zuniga
|
|
Batting: RHB Pat Borders
|
0-0: Ball 1-0: Ball 2-0: Ball 3-0: Base on Balls
|
|
Batting: SHB Devon White
|
0-0: Foul Ball, location: 2F 0-1: Called Strike 0-2: Ground out 3-1 (Groundball, 13, EV 76.9 MPH) Pat Borders to second
|
|
Batting: RHB Jim Vest
|
0-0: Ball 1-0: Foul Ball, location: 2F 1-1: Called Strike 1-2: Fly out, F3 (Popup, 3, EV 72.5 MPH)
|
|
Batting: RHB Jeff Hamilton
|
0-0: Ball 1-0: Ball 2-0: Foul Ball, location: 2F 2-1: SINGLE (Line Drive, 8RS, EV 99.4 MPH) Pat Borders to third
|
|
Batting: RHB Jose Lind
|
0-0: Foul Ball, location: 2F 0-1: Swinging Strike 0-2: Strikes out looking
|
| Bottom of the 6th over - 0 runs, 1 hit, 0 errors, 2 left on base; Fargo 0 - Williston 1 |
| TOP OF THE 7TH |
|
Fargo Brewmasters batting - Pitching for Williston Water Wolves : LHP Neil Bryant
|
|
Batting: RHB Gus Polidor
|
0-0: Ball 1-0: Called Strike 1-1: Ball 2-1: Ball 3-1: SINGLE (Groundball, 4D, EV 98.8 MPH)
|
|
Batting: RHB Juan Picart
|
0-0: Ball 1-0: Fielders Choice at 2nd, 6-4 (Groundball, 6, EV 85.0 MPH)
|
|
Batting: SHB Elton Hooker
|
0-0: Ball Juan Picart is caught stealing 2nd base 2-4 1-0: Ground out 6-3 (Groundball, 6, EV 108.8 MPH)
|
| Top of the 7th over - 0 runs, 1 hit, 0 errors, 0 left on base; Fargo 0 - Williston 1 |
| BOTTOM OF THE 7TH |
|
Williston Water Wolves batting - Pitching for Fargo Brewmasters : RHP Carlos Zuniga
|
|
Batting: RHB Jim Reboulet
|
0-0: Swinging Strike 0-1: Called Strike 0-2: Ball 1-2: Strikes out swinging
|
|
Batting: LHB John Mitchell
|
0-0: Foul Ball, location: 2F 0-1: Foul Ball, location: 2F 0-2: Ground out 4-3 (Groundball, 4, EV 101.3 MPH)
|
|
Batting: RHB Pat Jelks
|
0-0: Ball 1-0: Ground out 5-3 (Groundball, 56S, EV 84.4 MPH)
|
| Bottom of the 7th over - 0 runs, 0 hits, 0 errors, 0 left on base; Fargo 0 - Williston 1 |
| TOP OF THE 8TH |
|
Fargo Brewmasters batting - Pitching for Williston Water Wolves : LHP Neil Bryant
|
|
Batting: RHB Adolph Crump
|
0-0: Ball 1-0: Ground out 5-3 (Groundball, 56, EV 107.5 MPH)
|
|
Batting: RHB Randall Thorpe
|
0-0: Ball 1-0: Called Strike 1-1: SINGLE (Groundball, 6MD, EV 107.5 MPH) (infield hit)
|
|
Batting: SHB Angel Escobar
|
0-0: Called Strike 0-1: Ball 1-1: Ball 2-1: Swinging Strike 2-2: Strikes out looking
|
|
Batting: LHB Victor Fernandez
|
0-0: Ball 1-0: SINGLE (Flyball, 5D, EV 88.1 MPH) Randall Thorpe to second
|
|
Batting: RHB Forace Oxendine
|
0-0: Ball 1-0: Called Strike 1-1: Ball 2-1: Swinging Strike 2-2: SINGLE (Groundball, 34, EV 98.1 MPH) Randall Thorpe to third Victor Fernandez to second Runner from 3rd tries for Home, SAFE, throw by RF to home
|
|
Batting: RHB Dick E Scott
|
0-0: Ball 1-0: Ball 2-0: Ball 3-0: Called Strike 3-1: Base on Balls Victor Fernandez to third Forace Oxendine to second
|
|
Batting: RHB Gus Polidor
|
0-0: Ball 1-0: Foul Ball, location: 2F 1-1: Swinging Strike 1-2: Ball 2-2: Ball 3-2: Strikes out swinging
|
| Top of the 8th over - 1 run, 3 hits, 0 errors, 3 left on base; Fargo 1 - Williston 1 |
| BOTTOM OF THE 8TH |
|
Williston Water Wolves batting - Pitching for Fargo Brewmasters : RHP Carlos Zuniga
|
|
Batting: RHB Tom Pagnozzi
|
0-0: SINGLE (Line Drive, 89M, EV 93.1 MPH)
|
|
Batting: RHB Pat Borders
|
0-0: Called Strike 0-1: Foul Ball, location: 2F 0-2: Ball 1-2: Foul Ball, location: 2F 1-2: Fly out, F4 (Flyball, 4D, EV 85.6 MPH)
|
|
Batting: SHB Devon White
|
0-0: Swinging Strike 0-1: Ball 1-1: Ball 2-1: Foul Ball, location: 2F 2-2: Fly out, F9 (Flyball, 89D, EV 100.6 MPH)
|
|
Batting: RHB Jim Vest
|
0-0: Ball 1-0: Fly out, F7 (Flyball, 7S, EV 79.4 MPH)
|
| Bottom of the 8th over - 0 runs, 1 hit, 0 errors, 1 left on base; Fargo 1 - Williston 1 |
| TOP OF THE 9TH |
|
Fargo Brewmasters batting - Pitching for Williston Water Wolves : LHP Neil Bryant
|
|
Pitching: RHP Jeff Montgomery
|
|
|
Batting: LHB Bill Englehart
|
0-0: Foul Ball, location: 2F 0-1: Swinging Strike 0-2: Ball 1-2: Strikes out swinging
|
|
Batting: SHB Elton Hooker
|
0-0: Ball 1-0: Ball 2-0: Called Strike 2-1: Called Strike 2-2: Ball 3-2: Base on Balls
|
|
Batting: RHB Adolph Crump
|
0-0: Ball 1-0: Ball 2-0: Foul Ball, location: 2F 2-1: Foul Ball, location: 2F 2-2: Foul Ball, location: 2F 2-2: Ball 3-2: Foul Ball, location: 2F 3-2: Foul Ball, location: 2F 3-2: Base on Balls Elton Hooker to second
|
|
Batting: RHB Randall Thorpe
|
0-0: Foul Ball, location: 2F 0-1: Ball 1-1: Ball 2-1: Ball 3-1: Base on Balls Elton Hooker to third Adolph Crump to second
|
|
Batting: SHB Angel Escobar
|
0-0: Ball 1-0: Ball 2-0: Ball 3-0: Called Strike 3-1: Base on Balls Elton Hooker scores Adolph Crump to third Randall Thorpe to second
|
|
Batting: LHB Victor Fernandez
|
0-0: Ball 1-0: Foul Ball, location: 2F 1-1: Fly out, F8 (Flyball, 78M, EV 85.6 MPH)
|
|
Batting: RHB Forace Oxendine
|
0-0: DOUBLE (Flyball, 8RXD, EV 95.0 MPH) Adolph Crump scores Randall Thorpe scores Angel Escobar to third Runner from 3rd tries for Home, SAFE, throw by CF to home
|
|
Pitching: LHP Antonio Ortiz
|
|
|
Batting: RHB Dick E Scott
|
0-0: Ball 1-0: Foul Ball, location: 2F 1-1: Ball 2-1: Called Strike 2-2: Strikes out swinging
|
| Top of the 9th over - 4 runs, 1 hit, 0 errors, 1 left on base; Fargo 5 - Williston 1 |
| BOTTOM OF THE 9TH |
|
Williston Water Wolves batting - Pitching for Fargo Brewmasters : RHP Carlos Zuniga
|
|
Pitching: LHP Pat Larkin
|
|
|
Batting: RHB Jeff Hamilton
|
0-0: Swinging Strike 0-1: Called Strike 0-2: Fly out, F9 (Flyball, 89M, EV 83.1 MPH)
|
|
Batting: RHB Jose Lind
|
0-0: Ball 1-0: Called Strike 1-1: Ground out 6-3 (Groundball, 6, EV 109.4 MPH)
|
|
Batting: RHB Jim Reboulet
|
0-0: Called Strike 0-1: Ball 1-1: Fly out, F8 (Line Drive, 8LD, EV 104.4 MPH)
|
| Bottom of the 9th over - 0 runs, 0 hits, 0 errors, 0 left on base; Fargo 5 - Williston 1 |
|